 Dungeon Crawl Stone Soup version 0.28-a0-529-g3bad584f25 (webtiles) character file.

Game seed: 2430670564773468625

1474 pokedragonboy the Cleaver (level 8, -9/75 HPs)
             Began as a Deep Dwarf Berserker on Sept 24, 2021.
             Was a Priest of Trog.
             Mangled by a two-headed ogre (23 damage)
             ... on level 6 of the Dungeon on Sept 25, 2021.
             The game lasted 00:25:00 (4817 turns).

pokedragonboy the Cleaver (Deep Dwarf Berserker)    Turns: 4817, Time: 00:25:01

Health: -9/75      AC: 10    Str: 23    XL:     8   Next: 49%
Magic:  7/7        EV: 11    Int:  8    God:    Trog [***...]
Gold:   267        SH:  0    Dex: 12    Spells: 7/7 levels left

rFire   + . .      SeeInvis .   a - +0 war axe
rCold   + . .      Faith    +   (no shield)
rNeg    . . .      Spirit   .   h - +0 ring mail
rPois   .          Reflect  .   o - +2 hat
rElec   .          Harm     .   u - +0 cloak
rCorr   .          Rampage  .   n - +0 pair of gloves
Will    +++..                   (no boots)
Stlth   +.........              A - amulet of faith
HPRegen 1.00/turn               r - ring of protection from fire
MPRegen 0.10/turn               w - ring of protection from cold

@: about to teleport, strong-willed, on berserk cooldown, regenerating, slowed,
very slow
A: damage resistance, heal wounds, sense surroundings 1, no regeneration
a: Heal Wounds, Renounce Religion, Berserk, Trog's Hand


You were on level 6 of the Dungeon.
You worshipped Trog.
Trog was most pleased with you.
You visited 1 branch of the dungeon, and saw 6 of its levels.
You also visited: Sewer.

You collected 267 gold pieces.

Inventory:

Hand Weapons
 a - a +0 war axe (weapon)
 b - a +0 vampiric whip
 D - a +0 battleaxe
Missiles
 B - a silver javelin (quivered)
Armour
 f - a +0 helmet
 h - a +0 ring mail (worn)
 n - a +0 pair of gloves (worn)
 o - a +2 hat (worn)
 u - a +0 cloak (worn)
Jewellery
 r - a ring of protection from fire (left hand)
 w - a ring of protection from cold (right hand)
 A - an amulet of faith (around neck)
Wands
 p - a wand of iceblast (4)
Scrolls
 c - a scroll of immolation
 e - a scroll of holy word {unknown}
 g - a scroll of enchant armour
 j - a scroll of torment
 k - a scroll of summoning {unknown}
 l - a scroll of fog
 q - 2 scrolls of noise
 t - 2 scrolls of brand weapon
 v - a scroll of fear {unknown}
 y - 2 scrolls of teleportation
 E - a scroll of identify
Potions
 d - a potion of invisibility
 i - 2 potions of curing
 m - 4 potions of attraction
 s - a potion of lignification {unknown}
 x - a potion of heal wounds
 C - 3 potions of flight


   Skills:
 + Level 5.5 Fighting
 * Level 8.9 Axes
 + Level 6.1 Armour
 - Level 2.1 Dodging


You had 7 spell levels left.
You didn't know any spells.
Your spell library was empty.

Dungeon Overview and Level Annotations

Branches:
Dungeon (6/15)              Sewer (visited)
 Temple: D:4-7

Altars:
Okawaru

Shops:
D:4 :

Annotations:
D:3 1 runed translucent door, Crazy Yiuf


Innate Abilities, Weirdness & Mutations

You are resistant to damage.
You can heal yourself by infusing magical energy.
You passively map a small area around you.
You do not regenerate.


Message History

You open the door.
There is an open door here.
You open the door.
There is an open door here.
A two-headed ogre comes into view.
It is wielding a +0 giant spiked club and a +0 giant club.
Found a robe.
You are too injured to fight recklessly!
Number of times to repeat, then command key: You must enter the number of times for the command to repeat.
Your skin crawls.
You feel strong-willed.
A red film seems to cover your vision as you go berserk!
You feel yourself moving faster!
You feel mighty!
You feel a strong urge to attack something.
You hit the two-headed ogre.
The two-headed ogre is lightly wounded.
The two-headed ogre hits you but does no damage.
The two-headed ogre hits you with a +0 giant club!!
* * * LOW HITPOINT WARNING * * *
You slash the two-headed ogre!
The two-headed ogre is moderately wounded.
You completely miss the two-headed ogre.
The two-headed ogre is moderately wounded.
The two-headed ogre misses you.
The two-headed ogre hits you with a +0 giant club!!
* * * LOW HITPOINT WARNING * * *
Okay, then.
You feel a strong urge to attack something.
You are no longer berserk.
You are exhausted.
You feel yourself slow down.
Okay, then.
You feel much better.
As you read the scroll of teleportation, it crumbles to dust.
You feel strangely unstable.
The two-headed ogre hits you with a +0 giant spiked club!!
* * * LOW HITPOINT WARNING * * *
The two-headed ogre misses you.
The two-headed ogre hits you with a +0 giant spiked club!!
You die...

, .........................#.## *
#.##........#.##..###.....##
,................. .......... #
*, #,*#........#.#**........... #
* ,#.##........#.## ##.#...#### #
* ,#.#............#.##.#....... #
.#................##.#....... ###
.#.#....#...O................
.....#......#...@#..#.##.#...####
#*#..#......#....................
###..#......#....#...............
.................#..#..#.##...###
............#....................
#.#..#...#..#....#.....#.##....##
#.#..#...#..#....#.....#.##......
#[>(...................#.##....##
.................................


You could see a two-headed ogre.

Vanquished Creatures
  Pikel (D:6)
  A sky beast (D:6)
  An ogre (D:4)
  2 lemures (D:6)
  2 phantoms
  3 scorpions
  A wyvern skeleton (D:6)
  A water moccasin skeleton (D:6)
  A hound (D:6)
  A gnoll shaman (D:6)
  Jessica (D:3)
  An iguana (D:4)
  A merfolk siren (Sewer)
  An orc wizard (D:4)
  A merfolk avatar (Sewer)
  A hound zombie (D:5)
  6 gnolls
  6 adders
  3 river rats (Sewer)
  2 worms
  A dart slug (D:3)
  9 orcs
  9 ball pythons
  5 endoplasms
  9 giant cockroaches
  6 goblins
  3 hobgoblins (D:1)
  4 quokkas
  2 bats
  10 frilled lizards
  7 kobolds
  A quokka skeleton (D:4)
  20 rats
123 creatures vanquished.

Vanquished Creatures (others)
  A fungus (D:3)
  3 plants (D:3)
4 creatures vanquished.

Grand Total: 127 creatures vanquished

Notes
Turn   | Place    | Note
-------+----------+-------------------------------------------
     0 | D:1      | pokedragonboy the Deep Dwarf Berserker began the quest for
                  | the Orb.
     0 | D:1      | Reached XP level 1. HP: 20/20 MP: 1/1
   404 | D:1      | Reached XP level 2. HP: 27/27 MP: 1/1
  1060 | D:2      | Reached skill level 4 in Axes
  1317 | D:2      | Reached XP level 3. HP: 23/34 MP: 2/2
  1464 | D:2      | You fall into a shaft and drop 2 floors!
  1480 | D:4      | Reached ** piety under Trog
  1507 | D:4      | Noticed a phantom
  1520 | D:4      | Reached XP level 4. HP: 36/42 MP: 3/3
  1539 | D:4      | Killed a phantom
  1540 | D:4      | Reached skill level 5 in Axes
  1540 | D:4      | Reached XP level 5. HP: 29/49 MP: 4/4
  1930 | D:3      | Noticed Jessica
  1944 | D:3      | Killed Jessica
  2179 | D:3      | Found a faded altar of an unknown god.
  2329 | D:3      | Found a runed translucent door.
  2330 | D:3      | Noticed Crazy Yiuf
  2456 | D:4      | Reached XP level 6. HP: 28/57 MP: 5/5
  2763 | D:4      | Found Nesei's Self-Improvement Boutique.
  2968 | D:4      | Reached skill level 6 in Axes
  3197 | D:5      | Entered Level 5 of the Dungeon
  3283 | D:5      | Reached XP level 7. HP: 44/64 MP: 6/6
  3433 | D:6      | Reached skill level 7 in Axes
  3474 | D:6      | Noticed Pikel
  3493 | D:6      | Killed Pikel
  3494 | D:6      | Reached skill level 5 in Fighting
  3494 | D:6      | Reached skill level 8 in Axes
  3494 | D:6      | Reached skill level 5 in Armour
  3494 | D:6      | Reached XP level 8. HP: 48/74 MP: 7/7
  3772 | D:6      | Found a glowing drain.
  3789 | Sewer    | Entered a sewer
  4045 | Sewer    | Reached *** piety under Trog
  4491 | D:6      | Found an iron altar of Okawaru.
  4803 | D:6      | Noticed a two-headed ogre
  4817 | D:6      | Mangled by a two-headed ogre

Illustrated notes

Levels and vault maps discovered:
D:1:      evilmike_arrival_crescent, layout_rooms, minivault_23
D:2:      layout_loops_ring, amethyst_killhole, minmay_unequal
D:3:      layout_rooms, serial_corexii_hall, corexii_hall_statues_i,
          corexii_hall_statues_x, corexii_hall_statues_l,
          chequers_hall_statues_corner_a, dreamdust_ecumenical_altar_grove,
          serial_park_tiny_1, uniq_jessica, uniq_crazy_yiuf_cottage
D:4:      layout_loops_cross, minmay_misc_feat_tower, grunt_ministairs_6,
          minmay_misc_feat_more_columns, nicolae_shop_self_help
D:5:      lemuel_insect_pit, layout_rooms, kennysheep_mini,
          minmay_misc_feat_hallway, lexackson_kobold_supper
D:6:      layout_basic, mainiacjoe_overflow_small_starburst,
          cheibrodos_sewer_entry_bend, uniq_pikel

Skill      XL: |  1  2  3  4  5  6  7  8 |
---------------+-------------------------+-----
Fighting       | 3 4 5 |  5.5
Axes           | 4 5 6 8 |  8.9
Armour         | 3 4 5 6 |  6.1
Dodging        | |  2.1

Action                   |  1- 3 |  4- 6 |  7- 9 || total
-------------------------+-------+-------+-------++-------
Melee: Hand axe          |    87 |    85 |       ||   172
       Whip              |       |    25 |    59 ||    84
       War axe           |       |    21 |   124 ||   145
Throw: Javelin           |       |       |     2 ||     2
Invok: Berserk           |    15 |     9 |     9 ||    33
       Trog's Hand       |     1 |     3 |     3 ||     7
 Abil: Heal Wounds       |     1 |     1 |     1 ||     3
  Use: Scroll            |     2 |     7 |     3 ||    12
       Potion            |       |       |     1 ||     1
Armor: Animal skin       |    11 |       |       ||    11
       Leather armour    |    22 |    28 |       ||    50
       Ring mail         |       |       |    63 ||    63
Dodge: Dodged            |    49 |    81 |   105 ||   235

Table legend: (Time is in decaauts)
 A = Elapsed time spent in this place.
 B = Non-inter-level travel time spent in this place.
 C = Inter-level travel time spent in this place.
 D = Time resting spent in this place.
 E = Time spent auto-exploring this place.
 F = Levels seen in this place.
 G = Mean time per level.
                   A        B        C        D        E       F      G
               +--------+--------+--------+--------+--------+-----+--------+
         Total |   5189 |   4982 |    207 |   1070 |   2050 |   7 |  741.3 |
       Dungeon |   4558 |   4351 |    207 |    962 |   2006 |   6 |  759.7 |
         Sewer |    631 |    631 |      0 |    107 |     44 |   1 |  631.0 |
               +--------+--------+--------+--------+--------+-----+--------+

Top non-repeatable levels by time:
     D:4: 1107 daAuts
     D:1: 968 daAuts
     D:6: 896 daAuts
     D:3: 808 daAuts
     D:2: 637 daAuts
   Sewer: 631 daAuts
     D:5: 140 daAuts
